 Dungeon Crawl Stone Soup version 0.29-a0-378-gc08b2e8bf8 (webtiles) character file.

Game seed: 17589931717813004637

6 zazu2006 the Magician (level 1, 0/15 HPs)
             Began as a Naga Hedge Wizard on May 4, 2022.
             Slain by a kobold
             ... wielding a +0 short sword
              (4 damage)
             ... on level 1 of the Dungeon.
             The game lasted 00:01:07 (252 turns).

zazu2006 the Magician (Naga Hedge Wizard)            Turns: 252, Time: 00:01:08

Health: 0/15       AC:  1    Str: 12    XL:     1   Next: 90%
Magic:  0/4        EV:  9    Int: 14    God:
Gold:   32         SH:  0    Dex: 10    Spells: 5/6 levels left

rFire   . . .      SeeInvis +   a - +0 dagger
rCold   . . .      Faith    .   (no shield)
rNeg    . . .      Spirit   .   b - +0 robe
rPois   +          Reflect  .   c - +0 hat
rElec   .          Harm     .   (no cloak)
rCorr   .          Rampage  .   (no gloves)
Will    .....                   (no barding)
Stlth   ++........              (no amulet)
HPRegen 0.05/turn               (no ring)
MPRegen 0.09/turn               (no ring)

@: short of breath, very slow
A: AC +0, large, see invisible, deformed body, poison resistance, slowness 2,
spit poison 1, naga tail 1
a: Spit Poison


You were on level 1 of the Dungeon.
You visited 1 branch of the dungeon, and saw 1 of its levels.

You collected 32 gold pieces.

Inventory:

Hand Weapons
 a - a +0 dagger (weapon)
Armour
 b - a +0 robe (worn)
 c - a +0 hat (worn)
 e - a +0 leather armour
Scrolls
 f - a scroll of identify {unknown}
Potions
 d - a potion of magic


   Skills:
 + Level 1.5 Dodging
 + Level 3.0 Stealth
 + Level 3.2 Spellcasting
 + Level 1.0 Conjurations
 + Level 1.2 Summonings
 + Level 1.0 Translocations


You had 5 spell levels left.
You knew the following spells:

 Your Spells              Type           Power      Damage    Failure   Level
a - Magic Dart            Conj           20%        1d4       14%         1

Your spell library contained the following spells:

 Spells                   Type           Power      Damage    Failure   Level
 Call Imp                 Summ           5%         N/A       19%         2
 Slow                     Hex            8%         N/A       22%         1
 Blink                    Tloc           10%        N/A       22%         2
 Conjure Flame            Conj/Fire      3%         6-21      45%         3
 Mephitic Cloud           Conj/Pois/Air  3%         N/A       50%         3
 Iskenderun's Battlesphe  Conj           5%         2d6       98%         5
 Fireball                 Conj/Fire      1%         3d3       99%         5
 Conjure Ball Lightning   Conj/Air       1%         3x3d6     100%        6
 Orb of Destruction       Conj           2%         9d5       100%        7


Dungeon Overview and Level Annotations

Branches:
Dungeon (1/15)

Altars:


Innate Abilities, Weirdness & Mutations

Your serpentine skin is tough. (AC +0)
You have supernaturally acute eyesight. (SInv)
Armour fits poorly on your strangely shaped body.
Your system is resistant to poisons. (rPois)
You cover ground very slowly.
You can spit poison.
You have a snake-like lower body.


Message History

Nothing appears to happen.
The kobold throws a stone.
The stone hits you.
Aiming: Spit Poison (3% risk of failure)
Press: ? - help, Shift-Dir - straight line, f/p - kobold
Aim: a kobold, wielding a +0 short sword and quivering stones (43% to hit)
The splash of poison misses the kobold.
Casting: Magic Dart (safe; 14% risk of failure)
Confirm with . or Enter, or press ? or * to list all spells.
Aiming: Magic Dart (safe; 14% risk of failure)
Press: ? - help, Shift-Dir - straight line, f/p - kobold
Aim: a kobold, wielding a +0 short sword and quivering stones (100% to hit)
The magic dart hits the kobold but does no damage.
The kobold barely misses you.
Casting: Magic Dart (safe; 14% risk of failure)
Confirm with . or Enter, or press ? or * to list all spells.
Aiming: Magic Dart (safe; 14% risk of failure)
Press: ? - help, Shift-Dir - straight line, f/p - kobold
Aim: a kobold, wielding a +0 short sword and quivering stones (100% to hit)
The magic dart hits the kobold.
The kobold is heavily wounded.
The kobold hits you but does no damage.
Casting: Magic Dart (safe; 14% risk of failure)
Confirm with . or Enter, or press ? or * to list all spells.
You don't have enough magic to cast this spell.
Unknown command.
You closely miss the kobold.
The kobold is heavily wounded.
The kobold hits you with a +0 short sword.
You barely miss the kobold.
The kobold is heavily wounded.
You have got your breath back.
The kobold hits you with a +0 short sword.
Aiming: Spit Poison (3% risk of failure)
Press: ? - help, Shift-Dir - straight line, f/p - kobold
Aim: a kobold, wielding a +0 short sword and quivering stones (heavily wounded, 43% to hit)
The splash of poison misses the kobold.
The kobold hits you with a +0 short sword.
* * * LOW HITPOINT WARNING * * *
Your magical contamination has completely faded away.
The kobold hits you with a +0 short sword.
You die...

# ....
#....)........
.....
#.###.....##.#.
#.#### #.....##.#
#. # ##.##....# #
#. #.##.#..#
#.####.##.##.#
#...##.##.# ...
#K##.##.# ##.
#@##.##.# #
#....##.# ####.##.#
#....##.#
#...###.#####.#
#.#...........#
............#######
####.######## #


You could see a kobold.

Vanquished Creatures
  2 goblins (D:1)
  A quokka (D:1)
  A frilled lizard (D:1)
  2 rats (D:1)
6 creatures vanquished.

Notes
Turn   | Place    | Note
-------+----------+-------------------------------------------
     0 | D:1      | zazu2006 the Naga Hedge Wizard began the quest for the Orb.
     0 | D:1      | Reached XP level 1. HP: 15/15 MP: 4/4
   252 | D:1      | Slain by a kobold

Illustrated notes

Levels and vault maps discovered:
D:1:      dpeg_arrival_line_fractal, layout_loops_ring, minmay_misc_feat_rows

Action                   || total
-------------------------++-------
Melee: Dagger            ||     2
 Cast: Magic Dart        ||    12
 Abil: Spit Poison       ||     3
Armor: Robe              ||     1
Dodge: Dodged            ||     1

Table legend: (Time is in decaauts)
 A = Elapsed time spent in this place.
 B = Non-inter-level travel time spent in this place.
 C = Inter-level travel time spent in this place.
 D = Time resting spent in this place.
 E = Time spent auto-exploring this place.
 F = Levels seen in this place.
 G = Mean time per level.
                   A        B        C        D        E       F      G
               +--------+--------+--------+--------+--------+-----+--------+
         Total |    310 |    295 |     15 |      0 |    253 |   1 |  310.0 |
       Dungeon |    310 |    295 |     15 |      0 |    253 |   1 |  310.0 |
               +--------+--------+--------+--------+--------+-----+--------+

Top non-repeatable levels by time:
     D:1: 310 daAuts
